 Dungeon Crawl Stone Soup version 0.24.0-1-gfbc8707122 (webtiles) character file.

Game seed: 265017385590606821, levelgen mode: deterministic

3493 MTVSty1e the Severer (level 9, -1/70 HPs)
             Began as a Minotaur Fighter on Oct 28, 2019.
             Slain by an ufetubus (3 damage)
             ... summoned by a ynoxinul
             ... summoned by an orc high priest
             ... in a bailey.
             The game lasted 00:09:03 (8816 turns).

MTVSty1e the Severer (Minotaur Fighter)             Turns: 8816, Time: 00:09:04

Health: -1/70      AC: -6    Str: 23    XL:     9   Next: 80%
Magic:  17/17      EV:  4    Int:  5    God:
Gold:   221        SH:  9    Dex: 11    Spells: 8/8 levels left

rFire    . . .     SeeInvis .   a - +1 war axe
rCold    . . .     Gourm    .   c - +0 shield
rNeg     . . .     Faith    .   A - +0 plate armour
rPois    .         Spirit   .   (helmet restricted)
rElec    .         Reflect  .   z - +0 cloak
rCorr    .         Harm     .   (no gloves)
MR       .....                  q - +0 pair of boots
Stlth    ..........             (no amulet)
HPRegen  0.21/turn              d - ring of magical power
MPRegen  0.15/turn              (no ring)

@: corroded, lightly drained
A: retaliatory headbutt, horns 2
a: no special abilities


You were in a bailey.
You were not hungry.

You visited 2 branches of the dungeon, and saw 9 of its levels.
You also visited: Bailey.

You collected 221 gold pieces.

Inventory:

Hand Weapons
 a - a +1 war axe (weapon)
Armour
 b - a +1 scale mail
 c - a +0 shield (worn)
 q - a +0 pair of boots (worn)
 z - a +0 cloak (worn)
 A - a +0 plate armour (worn)
Jewellery
 d - a ring of magical power (left hand)
Wands
 m - a wand of clouds (6)
 u - a wand of enslavement (5)
 x - a wand of flame (18)
 y - a wand of iceblast (9)
Scrolls
 e - a scroll of fear
 k - a scroll of immolation
 l - 2 scrolls of identify
 n - 2 scrolls of blinking
 o - 4 scrolls of teleportation
 p - a scroll of fog
 r - 2 scrolls of enchant weapon
Potions
 g - 3 potions of brilliance
 h - 2 potions of invisibility
 i - a potion of magic {unknown}
 j - 2 potions of curing
 s - a potion of ambrosia {unknown}
 v - a potion of agility {unknown}
 w - 2 potions of flight {unknown}
Comestibles
 f - 10 rations


   Skills:
 - Level 3.6(3.1) Fighting
 + Level 15.8(15.1) Axes
 - Level 3.6(3.1) Armour
 - Level 3.6(3.1) Shields


You had 8 spell levels left.
You didn't know any spells.
Your spell library contained the following spells:

 Spells                   Type           Power        Failure   Level  Hunger
 Animate Skeleton         Necr           N/A          100%        1    ##.....
 Apportation              Tloc           #.....       100%        1    ##.....
 Confusing Touch          Hex            #.....       100%        1    ##.....
 Summon Small Mammal      Summ           #...         100%        1    ##.....


Dungeon Overview and Level Annotations

Branches:
Dungeon (8/15)             Temple (1/1) D:7          Bailey (1/1)
   Lair: D:8-11

Altars:
Ashenzari
Dithmenos
Elyvilon
Fedhas
Gozag
Hepliaklqana
Kikubaaqudgha
Makhleb
Nemelex Xobeh
Qazlal
Ru
Sif Muna
Trog
Uskayaw
Vehumet
Wu Jian
Xom
Yredelemnul
Zin
The Shining One

Shops:
D:6 :


Innate Abilities, Weirdness & Mutations

You reflexively headbutt those who attack you in melee.
You have a pair of horns on your head.


Message History

The ufetubus disappears in a puff of smoke!
There is a gate leading back out of this place here.
You feel much better. The ufetubus barely misses you. x2
The ufetubus hits you. x4
The ynoxinul gestures.
The ufetubus barely misses you. You furiously retaliate!
You headbutt the ufetubus. The ufetubus hits you.
* * * LOW HITPOINT WARNING * * *
The ufetubus barely misses you. The ufetubus hits you.
* * * LOW HITPOINT WARNING * * *
You block the ufetubus's attack. The ufetubus hits you.
* * * LOW HITPOINT WARNING * * *
The ufetubus hits you.
* * * LOW HITPOINT WARNING * * *
The ufetubus hits you.
* * * LOW HITPOINT WARNING * * *
The ufetubus hits you.
* * * LOW HITPOINT WARNING * * *
You block the ufetubus's attack. The ufetubus hits you.
You die...

..# #≈≈≈≈≈# 8.#
#≈≈≈≈≈#
5.######≈≈≈≈≈#
.3...#.≈≈≈≈≈≈#
.o5..#.≈≈≈≈≈.######
###''#.≈≈≈≈≈......#
...§.#.≈≈≈≈≈......###
.....))...3....5....#
..⌠..'...o.§5..5@..∩#
.....'.........5....#
.....#.≈≈≈≈≈......###
###++#.≈≈≈≈≈......#
#.≈≈≈≈≈.######
#.≈≈≈≈≈≈# ###≈≈≈≈≈#
#≈≈≈≈≈# #≈≈≈≈≈#


You could see an orc high priest, a ynoxinul and 4 ufetubi.

Vanquished Creatures
  Prince Ribbit (D:7)
  A hippogriff (D:8)
  A spriggan (D:7)
  Sigmund (D:6)
  A hungry ghost (D:7)
  A water moccasin (D:5)
  An orc warrior (Bailey)
  2 sky beasts
  2 ogres (D:6)
  A phantom (D:5)
  3 centaurs
  3 bullfrogs
  A big kobold (D:8)
  2 scorpions
  5 wights (D:7)
  An electric eel (Bailey)
  2 howler monkeys (D:4)
  A crimson imp (D:7)
  A bullfrog zombie (D:8)
  2 jellies
  A bullfrog skeleton (D:5)
  4 orc priests
  Crazy Yiuf (D:7)
  3 hounds
  6 orc wizards
  Jessica (D:2)
  An iguana (D:8)
  8 worker ants
  2 hound zombies
  A hound skeleton (D:6)
  A howler monkey skeleton (D:5)
  2 gnolls (Bailey)
  7 adders
  A shadow imp (D:7)
  An ooze (D:2)
  An adder zombie (D:3)
  6 worms
  2 dart slugs
  4 leopard geckos
  23 orcs
  2 ball pythons
  6 bats
  4 giant cockroaches
  10 goblins
  5 hobgoblins
  14 jackals
  5 quokkas
  A ball python skeleton (D:4)
  5 frilled lizards
  A jackal skeleton (D:4)
  20 kobolds
  A quokka skeleton (D:7)
  18 rats
201 creatures vanquished.

Notes
Turn   | Place    | Note
-------+----------+-------------------------------------------
     0 | D:1      | MTVSty1e the Minotaur Fighter began the quest for the Orb.
     0 | D:1      | Reached XP level 1. HP: 19/19 MP: 0/0
     8 | D:1      | Reached skill level 3 in Axes
    23 | D:1      | Reached XP level 2. HP: 23/26 MP: 1/1
   281 | D:1      | Reached skill level 4 in Axes
   373 | D:1      | Reached XP level 3. HP: 31/31 MP: 2/2
   990 | D:2      | Reached skill level 5 in Axes
   991 | D:2      | Found a blossoming altar of Fedhas.
  1104 | D:2      | Reached XP level 4. HP: 39/39 MP: 3/3
  1288 | D:2      | Noticed Jessica
  1293 | D:2      | Killed Jessica
  1347 | D:2      | Reached skill level 6 in Axes
  1413 | D:2      | Reached XP level 5. HP: 43/45 MP: 4/4
  1804 | D:3      | Noticed a moth of wrath
  1807 | D:3      | Found a bloodstained altar of Trog.
  2190 | D:3      | Reached skill level 7 in Axes
  2446 | D:3      | Found a glowing golden altar of the Shining One.
  2551 | D:4      | Reached XP level 6. HP: 51/51 MP: 5/5
  2615 | D:4      | Reached skill level 8 in Axes
  3647 | D:4      | Reached skill level 9 in Axes
  3657 | D:4      | Reached XP level 7. HP: 43/57 MP: 6/6
  4051 | D:5      | Entered Level 5 of the Dungeon
  4294 | D:5      | Reached skill level 10 in Axes
  4931 | D:5      | Found a stormy altar of Qazlal.
  4984 | D:5      | Reached skill level 11 in Axes
  5140 | D:5      | Reached XP level 8. HP: 58/64 MP: 7/7
  5710 | D:6      | Noticed Sigmund
  5719 | D:6      | Killed Sigmund
  5719 | D:6      | Reached skill level 12 in Axes
  5891 | D:6      | Identified the cursed +1 dagger of Division {speed, MR+
                  | Dex+3}
  5982 | D:6      | Found Tysmuck Joda's Book Boutique.
  6138 | D:6      | Reached skill level 13 in Axes
  6202 | D:6      | Found a shimmering altar of Xom.
  6490 | D:7      | Found a staircase to the Ecumenical Temple.
  6504 | D:7      | Reached XP level 9. HP: 60/70 MP: 8/8
  6509 | Temple   | Entered the Ecumenical Temple
  6706 | D:7      | Noticed Prince Ribbit
  6785 | D:7      | Killed Prince Ribbit
  6798 | D:7      | Reached skill level 14 in Axes
  7895 | D:7      | Found a runed translucent door.
  7896 | D:7      | Noticed Crazy Yiuf
  7905 | D:7      | Killed Crazy Yiuf
  8079 | D:8      | Reached skill level 15 in Axes
  8304 | D:8      | Found a flagged portal.
  8313 | Bailey   | Entered a bailey
  8770 | Bailey   | Found an iron altar of Okawaru.
  8770 | Bailey   | Noticed a kobold demonologist
  8770 | Bailey   | Noticed an orc high priest
  8774 | Bailey   | Noticed a soul eater
  8774 | Bailey   | Noticed a rust devil
  8816 | Bailey   | HP: 2/70 [ufetubus[an orc high priest] (4)]
  8816 | Bailey   | Slain by an ufetubus

Levels and vault maps discovered:
D:1:      erik_arrival_orb_chamber, layout_loops_corners
D:2:      layout_basic, fedhas_altar_1, uniq_jessica
D:3:      layout_loops_corners, tso_altar, tgw_trog, chequers_decorated_corner,
          minmay_misc_feat_rows, hangedman_feature_mirror
D:4:      layout_loops_corners, lightli_corner_chamber
D:5:      layout_loops_cross, lemuel_doored_altar, first_ration,
          minmay_misc_feat_rugged, minivault_23, minmay_parallelograms
D:6:      layout_rooms, serial_shops, nicolae_shop_waterfront, basic_altar,
          minmay_misc_feat_x, uniq_sigmund
D:7:      layout_loops_ring, minmay_temple_entry_offerings, the_bakery,
          minmay_crystal_room, uniq_crazy_yiuf_cottage, uniq_prince_ribbit1
D:8:      layout_cave_pools, serial_shops, nicolae_shop_trees, enter_bailey_2
Temple:   minmay_temple_bridge_d
Bailey:   bailey_axe_of_yendor_kennysheep, bailey

Skill      XL: |  1  2  3  4  5  6  7  8  9 |
---------------+----------------------------+-----
Axes           | 3 4 5 6 7 9 11 13 15 | 15.8
Fighting       | |  3.6
Armour         | |  3.6
Shields        | |  3.6

Action                   |  1- 3 |  4- 6 |  7- 9 || total
-------------------------+-------+-------+-------++-------
Melee: War axe           |    96 |   162 |   340 ||   598
       Headbutt          |     9 |    23 |    58 ||    90
Evoke: Wand              |       |       |     4 ||     4
  Use: Scroll            |       |       |    15 ||    15
       Potion            |       |       |     5 ||     5
  Eat: Chunk             |       |     3 |     5 ||     8
       Ration            |       |     2 |     5 ||     7
Armor: Scale mail        |    14 |    60 |    91 ||   165
       Plate armour      |       |       |     2 ||     2
Dodge: Dodged            |    39 |    41 |    68 ||   148
Block: Shield            |    55 |    72 |   119 ||   246
